 Dungeon Crawl Stone Soup version 0.30.0-10-gfe55d96785 (webtiles) character file.

Game seed: 8741977135842312138

255 qw the Chopper (level 6, -3/38 HPs)
             Began as a Gargoyle Cinder Acolyte on May 17, 2023.
             Was a High Priest of Ignis.
             Slain by an ogre
             ... wielding a +0 giant spiked club
              (7 damage)
             ... on level 4 of the Dungeon.
             The game lasted 00:01:39 (4060 turns).

qw the Chopper (Gargoyle Cinder Acolyte)            Turns: 4060, Time: 00:01:39

Health: -3/38      AC: 20    Str: 25    XL:     6   Next: 15%
Magic:  7/7        EV:  8    Int: 15    God:    Ignis [*****.]
Gold:   49         SH:  5    Dex:  5    Spells: 7/7 levels left

rFire   + + .        Y - +0 hand axe (chaos)
rCold   . . .        (no shield)
rNeg    + . .        n - +0 chain mail
rPois   inf          (no helmet)
rElec   +            (no cloak)
rCorr   .            j - +0 pair of gloves
SInv    .            (no boots)
Will    .....        c - amulet of reflection Stlth
                     k - ring of protection from fire
HPRegen 0.26/turn    e - +6 ring of strength
MPRegen 0.10/turn

%: reflection
@: fiery-armoured
A: sickness immunity, AC +4, negative energy resistance 1, electricity
resistance, torment resistance 1, petrification resistance
a: Renounce Religion, Fiery Armour, Foxfire Swarm, Rising Flame


You were on level 4 of the Dungeon.
You worshipped Ignis.
Ignis was extremely pleased with you.
You visited 1 branch of the dungeon, and saw 5 of its levels.

You collected 181 gold pieces.
You spent 132 gold pieces at shops.


Innate Abilities, Weirdness & Mutations

You are immune to sickness and miasma.
Your stone body is resilient. (AC +4)
You are immune to poison.
You resist negative energy. (rN+)
You are resistant to electric shocks. (rElec)
You are resistant to unholy torment.
You are immune to petrification.


   Skills:
 - Level 4.2 Fighting
 - Level 5.4 Axes
 + Level 1.3 Armour
 - Level 1.0 Spellcasting
 - Level 3.0 Fire Magic


You had 7 spell levels left.
You didn't know any spells.
Your spell library contained the following spells:

 Spells                   Type           Power      Damage    Failure   Level
 Scorch                   Fire           18%        2d5       52%         2

Inventory:

Hand Weapons
 r - a +0 flail
 Y - a +0 hand axe of chaos (weapon)
Missiles
 d - 4 boomerangs (quivered)
Armour
 j - a +0 pair of gloves (worn)
 n - a +0 chain mail (worn)
Jewellery
 c - an amulet of reflection (around neck)
 e - a +6 ring of strength (right hand)
 f - a ring of willpower
 h - a ring of resist corrosion
 k - a ring of protection from fire (left hand)
Scrolls
 m - a scroll of identify
Potions
 a - a potion of cancellation
 b - a potion of brilliance {unknown}
 i - a potion of heal wounds {unknown}
 o - a potion of haste {unknown}
 p - a potion of mutation {unknown}
 q - a potion of attraction {unknown}

Dungeon Overview and Level Annotations

Branches:
Dungeon (5/15)
 Temple: D:4-7

Altars:
Elyvilon
Okawaru

Shops:
D:4 [[*

Annotations:
D:3 3 runed translucent doors, qw's ghost, amateur GrFi


Message History

Partly explored, can't reach some places.
4021 ||| UPGRADING to +0 chain mail.
You start removing your armour.
You continue taking off your +0 ring mail. x4
You finish taking off your +0 ring mail.
You start putting on your armour.
You continue putting on your +0 chain mail. x5
You finish putting on your +0 chain mail.
4031 ||| DROPPING +0 ring mail.
You drop a +0 ring mail.
Partly explored, can't reach some places.
(D) Dungeon
Where to? (* - list waypoints, Enter - D:4, ? - help)
What level of the Dungeon? (default 1, ? - help)
There is a shaft here.
There is a stone staircase leading down here.
You climb downwards.
You hear the sound of rushing water.
There is an entrance to a sewer on this level.
Hurry and find it before the portal rusts away!
Found 14 gold pieces.
Found a stone staircase leading up.
There is a stone staircase leading up here.
An ogre is nearby!
Waypoint 4 assigned to D:5.
4054 ||| PLANNING SEWER You throw a boomerang.
The boomerang hits the ogre and shatters for extra damage!
The ogre is moderately wounded.
You hit the ogre.
The ogre is moderately wounded.
The ogre hits you with a +0 giant spiked club!
4057 ||| STAIRDANCE You climb upwards.
There is a stone staircase leading down here.
You barely miss the ogre.
The ogre is moderately wounded.
The ogre hits you with a +0 giant spiked club!!
Ouch! That really hurt!
4060 ||| INVOKING Fiery Armour.
A protective cloak of flame settles atop you.
The ogre hits you with a +0 giant spiked club!
You die...

.....~#..####............##.#...)
#...~~<..# ###................##
....~~#### #.................##
..#..~# ##....(.......##..###
.....~.## #............##...###
....##..# #..##......#..##..#..
.....#..#####..##..(.#.##........
##..###..............#.##....##..
#.[..##.........@......##.....##.
#..###.........O..........#<..##.
#..# ##.................#.#......
.^## ##.................#.##.##..
#.####.......##......#...........
#.##.........#.......#...........
...#........###.....##...........
...........## ##>................
...).......####..................


You could see an ogre.

Vanquished Creatures
  A phantom (D:4)
  Blork the orc (D:4)
  2 adders
  A worm (D:3)
  3 dart slugs (D:2)
  6 orcs (D:4)
  5 endoplasms
  3 giant cockroaches
  11 goblins
  6 hobgoblins
  9 jackals
  10 kobolds
  3 quokkas
  5 ball pythons
  3 bats
  A frilled lizard (D:1)
  6 rats
76 creatures vanquished.

Notes
Turn   | Place    | Note
-------+----------+-------------------------------------------
     0 | D:1      | qw the Gargoyle Cinder Acolyte began the quest for the Orb.
     0 | D:1      | Reached XP level 1. HP: 14/14 MP: 2/2
     0 | D:1      | 0 ||| qw: Version: 0.2-a-95-g4c1bab1
     0 | D:1      | 0 ||| qw: Game counter: 98
     0 | D:1      | 0 ||| qw: Always use a shield: true
     0 | D:1      | 0 ||| qw: God list: Okawaru
     0 | D:1      | 0 ||| qw: Allow faded altars: false
     0 | D:1      | 0 ||| qw: Do Orc after D:15 true
     0 | D:1      | 0 ||| qw: Do second Lair branch before Depths: true
     0 | D:1      | 0 ||| qw: Lair rune preference: random
     0 | D:1      | 0 ||| qw: Plans: Normal
     0 | D:1      | 0 ||| PLANNING D:1-11
    36 | D:1      | 36 ||| INVOKING Fiery Armour.
    37 | D:1      | Reached skill level 3 in Axes
   140 | D:1      | 140 ||| Stepping ~*~*~tactically~*~*~ (stealth).
   143 | D:1      | 143 ||| Stepping ~*~*~tactically~*~*~ (hiding).
   146 | D:1      | Reached XP level 2. HP: 19/19 MP: 3/3
   392 | D:1      | 392 ||| Stepping ~*~*~tactically~*~*~ (hiding).
   511 | D:1      | Reached XP level 3. HP: 22/23 MP: 4/4
   578 | D:1      | 578 ||| Stepping ~*~*~tactically~*~*~ (stealth).
   579 | D:1      | 579 ||| Stepping ~*~*~tactically~*~*~ (stealth).
  1049 | D:1      | Reached skill level 4 in Axes
  1175 | D:1      | 1175 ||| READING scroll labelled KESOWO ABIYCVI.
  1176 | D:1      | 1176 ||| READING 4 scrolls labelled DILEEW VIDYE.
  1177 | D:1      | 1177 ||| READING scroll labelled KET YG SIFIFFE.
  1178 | D:1      | 1178 ||| READING scroll labelled HIGIWUNUNA.
  1179 | D:1      | 1179 ||| READING scroll labelled XOSAMI DAQOZIL.
  1180 | D:1      | 1180 ||| READING scroll labelled BASKEENLIT.
  1281 | D:1      | 1281 ||| DROPPING 3 scrolls of noise.
  1476 | D:2      | Found a faded altar of an unknown god.
  1734 | D:2      | Found an iron altar of Okawaru.
  1819 | D:2      | 1819 ||| Stepping ~*~*~tactically~*~*~ (hiding).
  1828 | D:2      | Reached XP level 4. HP: 28/28 MP: 5/5
  1990 | D:2      | 1990 ||| Stepping ~*~*~tactically~*~*~ (hiding).
  1991 | D:2      | 1991 ||| Stepping ~*~*~tactically~*~*~ (hiding).
  2282 | D:2      | 2282 ||| UPGRADING to +0 ring mail.
  2292 | D:2      | 2292 ||| DROPPING +0 robe.
  2293 | D:2      | 2293 ||| UPGRADING to amulet of reflection.
  2298 | D:2      | 2298 ||| UPGRADING to ring of willpower.
  2299 | D:2      | 2299 ||| UPGRADING to +6 ring of strength.
  2300 | D:2      | 2300 ||| UPGRADING to ring of protection from fire.
  2302 | D:2      | 2302 ||| READING scroll labelled HOHICELYCRY.
  2345 | D:2      | 2345 ||| DROPPING +0 club.
  2346 | D:2      | 2346 ||| READING scroll labelled KUERHY GAKHLIUTAMECS.
  2347 | D:2      | 2347 ||| READING 2 scrolls labelled EMEVET ELEZO.
  2442 | D:3      | Found a white marble altar of Elyvilon.
  2786 | D:3      | Reached skill level 1 in Armour
  3036 | D:3      | 3036 ||| Stepping ~*~*~tactically~*~*~ (hiding).
  3037 | D:3      | 3037 ||| Stepping ~*~*~tactically~*~*~ (hiding).
  3113 | D:3      | Found a runed translucent gate.
  3113 | D:3      | Found a runed translucent gate.
  3113 | D:3      | Found a runed translucent gate.
  3116 | D:3      | Noticed qw's ghost (amateur GrFi)
  3254 | D:3      | 3254 ||| UPGRADING to +0 pair of gloves.
  3259 | D:3      | 3259 ||| READING scroll labelled UMYORPHO QERHO.
  3260 | D:3      | 3260 ||| READING 2 scrolls of identify.
  3260 | D:3      | 3260 ||| IDENTIFYING sapphire potion
  3309 | D:4      | Noticed Blork the orc
  3310 | D:4      | Found Maschotsa's Antique Armour Emporium.
  3336 | D:4      | 3336 ||| SHOPLISTING -2 hat of the Alchemist {rElec rPois
                  | rF+ rC+ rN+ Will+ rMut rCorr} (991 gold, have 118).
  3336 | D:4      | 3336 ||| BUYING chain mail (94 gold).
  3336 | D:4      | Bought a chain mail for 94 gold pieces
  3336 | D:4      | 3336 ||| SHOPLISTING ichor-stained chain mail (199 gold,
                  | have 24).
  3345 | D:4      | Found Soubb's Assorted Antiques.
  3357 | D:4      | 3357 ||| SHOPLISTING +3 salamander hide armour {Flames,
                  | rFlCloud rF++ rC--} (759 gold, have 38).
  3357 | D:4      | 3357 ||| SHOPLISTING 2 scrolls of enchant armour (330 gold,
                  | have 38).
  3357 | D:4      | 3357 ||| SHOPLISTING 2 silvery potions (39 gold, have 38).
  3357 | D:4      | 3357 ||| BUYING glowing pink potion (19 gold).
  3357 | D:4      | Bought a glowing pink potion for 19 gold pieces
  3357 | D:4      | 3357 ||| SHOPLISTING scroll labelled OSEUSINNUD (22 gold,
                  | have 19).
  3357 | D:4      | 3357 ||| SHOPLISTING scroll of identify (44 gold, have 19).
  3357 | D:4      | 3357 ||| BUYING smoky brown potion (19 gold).
  3357 | D:4      | Bought a smoky brown potion for 19 gold pieces
  3379 | D:4      | 3379 ||| DROPPING +0 whip.
  3512 | D:4      | Noticed a phantom
  3539 | D:4      | 3539 ||| INVOKING Fiery Armour.
  3539 | D:4      | HP: 6/28 [phantom (4)]
  3540 | D:4      | 3540 ||| READING scroll of teleportation.
  3669 | D:4      | Reached XP level 5. HP: 29/32 MP: 6/6
  3670 | D:4      | Killed a phantom
  3671 | D:4      | Reached skill level 5 in Axes
  3694 | D:4      | Found Boosoiwi's Armour Shoppe.
  3711 | D:4      | Killed Blork the orc
  3712 | D:4      | Reached XP level 6. HP: 23/38 MP: 7/7
  3773 | D:4      | 3773 ||| SHOPLISTING +0 helmet "Duem" {-Cast rN+ SInv} (154
                  | gold, have 44).
  3773 | D:4      | 3773 ||| SHOPLISTING +0 kite shield (54 gold, have 44).
  3773 | D:4      | 3773 ||| SHOPLISTING +2 pair of boots (198 gold, have 44).
  4021 | D:4      | 4021 ||| UPGRADING to +0 chain mail.
  4031 | D:4      | 4031 ||| DROPPING +0 ring mail.
  4053 | D:5      | Entered Level 5 of the Dungeon
  4054 | D:5      | 4054 ||| PLANNING SEWER
  4057 | D:5      | 4057 ||| STAIRDANCE
  4059 | D:4      | HP: 4/38 [ogre/+0 giant spiked club (27)]
  4060 | D:4      | 4060 ||| INVOKING Fiery Armour.
  4060 | D:4      | Slain by an ogre

Levels and vault maps discovered:
D:1:      minmay_arrival_solitary_statue, layout_basic, grunt_decor_junction
D:2:      layout_loops_cross, hellmonk_ecumenical_altar_zigzags, basic_altar
D:3:      layout_loops_corners, old_standard_altar, ebering_ghost_rock_garden,
          due_unseen_surprise
D:4:      layout_cave_pools, serial_shops, shop, shop, shop,
          chequers_serial_rivers_micro_e, uniq_blork_the_orc
D:5:      layout_gridville, ashenzari_conservatory_becter, gup_sewer_entry_glass

Skill      XL: |  1  2  3  4  5 |
---------------+----------------+-----
Axes           | 3 4 5 |  5.4
Armour         | 1 |  1.3
Fighting       | 4 |  4.2
Spellcasting   | |  1.0
Fire Magic     | |  3.0

Action                     |  1- 3 |  4- 6 || total
---------------------------+-------+-------++-------
  Melee: Hand axe          |   128 |   128 ||   256
         Punch             |     2 |     2 ||     4
  Throw: Boomerang         |       |     1 ||     1
 Invoke: Fiery Armour      |     1 |     2 ||     3
    Use: Scroll            |     6 |     6 ||    12
 Armour: Robe              |    38 |     1 ||    39
         Ring mail         |       |    42 ||    42
  Dodge: Dodged            |    63 |    47 ||   110
  Block: Other             |       |    17 ||    17

Table legend:
 A = Non-vault XP
 B = Vault XP
 C = Vault XP percentage of total XP
 D = Non-vault monster count
 E = Vault monster count
 F = Vault count percentage of total count
                 A         B        C        D         E       F
            +---------+---------+-------+---------+---------+-------
      Total |     275 |      90 |  24.7 |      75 |       1 |   1.3
            +---------+---------+-------+---------+---------+-------
        D:1 |      53 |       0 |   0.0 |      30 |       0 |   0.0
        D:2 |      34 |       0 |   0.0 |      18 |       0 |   0.0
        D:3 |      34 |       0 |   0.0 |      12 |       0 |   0.0
        D:4 |     154 |      90 |  36.9 |      15 |       1 |   6.2
            +---------+---------+-------+---------+---------+-------
